 Dungeon Crawl Stone Soup version 0.30-a0-634-g8abc85282e (webtiles) character file.

Game seed: 13669284798292098688

226 sokol815 the Firebug (level 6, -15/36 HPs)
             Began as an Octopode Fire Elementalist on Jan 15, 2023.
             Demolished by an ogre
             ... wielding a +0 giant club
              (20 damage)
             ... on level 4 of the Dungeon.
             The game lasted 00:09:45 (3877 turns).

sokol815 the Firebug (Octopode Fire Elementalist)   Turns: 3877, Time: 00:09:46

Health: -15/36     AC:  1    Str:  7    XL:     6   Next: 1%
Magic:  1/9        EV: 13    Int: 19    God:
Gold:   175        SH:  0    Dex: 13    Spells: 8/9 levels left

rFire   + . .      SeeInvis .    a - +1 dagger
rCold   . . .      Faith    .    (no shield)
rNeg    . . .      Spirit   .    (helmet restricted)
rPois   .          Reflect  .    (no amulet)
rElec   .          Harm     .    F - ring of protection from fire {rF+, !d}
rCorr   .          Rampage  .    (no ring)
Will    .....                    (no ring)
Stlth   +++                      (no ring)
HPRegen 0.26/turn                (no ring)
MPRegen 0.11/turn                (no ring)
                                 (no ring)
                                 (no ring)

@: no status effects
A: almost no armour, amphibious, 8 rings, camouflage 1, gelatinous body 1,
(nimble swimmer 1), tentacles
a: no special abilities


You were on level 4 of the Dungeon.
You visited 1 branch of the dungeon, and saw 4 of its levels.

You collected 175 gold pieces.

Inventory:

Hand Weapons
 a - a +1 dagger (weapon)
   (You took it off a goblin on level 1 of the Dungeon)
 e - a +0 antimagic dagger
   (You took it off a goblin on level 1 of the Dungeon)
Missiles
 d - 2 boomerangs
 g - 5 poisoned darts
 j - a throwing net {!d}
 s - 27 stones
Magical Staves
 b - a staff of conjuration
   (You found it on level 3 of the Dungeon)
Jewellery
 F - a ring of protection from fire (left tentacle) {rF+, !d}
   (You found it on level 3 of the Dungeon)
Scrolls
 c - a scroll of torment {!r}
 f - a scroll of brand weapon
 i - 2 scrolls of fog
 V - 2 scrolls of vulnerability {!r!r}
Potions
 J - 3 potions of curing {@q1}
 M - a potion of magic


   Skills:
 - Level 2.0 Dodging
 - Level 2.6 Stealth
 - Level 2.0 Spellcasting
 + Level 4.5 Conjurations
 + Level 4.5 Fire Magic


You had 8 spell levels left.
You knew the following spells:

 Your Spells              Type           Power      Damage    Failure   Level
a - Foxfire               Conj/Fire      76%        2x1d7     2%          1

Your spell library contained the following spells:

 Spells                   Type           Power      Damage    Failure   Level
 Scorch                   Fire           38%        2d6       4%          2
 Apportation              Tloc           2%         N/A       17%         1
 Inner Flame              Hex/Fire       10%        N/A       21%         3
 Kindle Blastsparks       Fire/Tloc/Air  14%        2d11      26%         3
 Flame Wave               Conj/Fire      19%        2d7       26%         4
 Gell's Gravitas          Tloc           1%         N/A       45%         3
 Lesser Beckoning         Tloc           2%         N/A       45%         3
 Teleport Other           Tloc           1%         N/A       45%         3
 Alistair's Intoxication  Tmut/Pois      0%         N/A       99%         5


Dungeon Overview and Level Annotations

Branches:
Dungeon (4/15) Zot: 20121
 Temple: D:4-7

Altars:

Shops:
D:3 ?((=[


Innate Abilities, Weirdness & Mutations

You cannot wear most types of armour.
You are amphibious.
You can wear up to eight rings at the same time.
Your skin changes colour to match your surroundings (Stealth+).
Your rubbery body absorbs attacks. (AC +1, EV +1)
((You are camouflaged when in or above water. (Stealth+)))
You have tentacles for arms and can constrict up to eight enemies at once.


Message History

(D) Dungeon
Where to? (Enter - D:3 @ (x,y), ? - help)
There is a stone staircase leading down here.
You climb downwards.
There is a stone staircase leading up here.
A goblin comes into view. It is wielding a +0 dagger.
The goblin shouts!
You hear a shout! x2; You hear a bark!
The goblin unwields a +0 dagger.
The goblin wields a +0 sling.
The goblin shoots a sling bullet.
The sling bullet closely misses you.
A kobold comes into view. It is wielding a +0 dagger.
An ogre comes into view. It is wielding a +0 giant club.
The kobold hits you with a +0 dagger.
You take 1 damage, and have 30/31 hp.
The goblin shoots a sling bullet.
The sling bullet closely misses you. The kobold hits you with a +0 dagger.
You take 1 damage, and have 29/31 hp.
A hound comes into view.
An endoplasm comes into view.
The kobold attacks as you move away! The kobold hits you with a +0 dagger.
You take 1 damage, and have 29/31 hp.
The kobold attacks as you move away! The kobold misses you.
There is a stone staircase leading up here.
The kobold misses you.
You climb upwards.
There is a stone staircase leading down here.
You closely miss the kobold. You grab the kobold. You squeeze the kobold.
You constrict the kobold, but do no damage.
The kobold hits you with a +0 dagger.
You take 4 damage, and have 26/31 hp.
You hit the kobold.
You kill the kobold!
No target in view!
You see here a +0 dagger.
You start resting.
Health restored: 31 You see here a +0 spear.
You see here a +0 club.
There is a stone staircase leading down here.
You climb downwards.
There is a stone staircase leading up here.
A hound is nearby!
A hobgoblin comes into view.
The hobgoblin shouts!
You conjure some foxfire!
You now have 7/8 mp.
You conjure some foxfire!
The foxfire hits the hound.
The foxfire hits the hound but does no damage.
You now have 6/8 mp.
You conjure some foxfire!
The foxfire hits the hound. x2; The hound bites you.
The foxfire hits the hobgoblin.
The hound barely misses you.
You take 2 damage, and have 29/31 hp.
You now have 5/8 mp.
You completely miss the hound. You grab the hound. You squeeze the hound.
You kill the hound!
You hit the hobgoblin. You grab the hobgoblin.
You constrict the hobgoblin, but do no damage.
The hobgoblin closely misses you.
The endoplasm quivers.
You hit the hobgoblin.
You kill the hobgoblin!
You have reached level 6!
You regained 5 hp, and now have 34/36 hp.
You conjure some foxfire!
You now have 4/9 mp.
You conjure some foxfire!
The foxfire hits the endoplasm!
You kill the endoplasm!
You now have 3/9 mp.
You conjure some foxfire!
There is not enough space to conjure foxfire!
Unknown command.
The foxfire hits the ogre.
The foxfire hits the goblin.
You conjure some foxfire!
The foxfire hits the goblin.
You kill the goblin!
Health restored: 36 You now have 2/9 mp.
You conjure some foxfire!
You now have 1/9 mp.
You conjure some foxfire!
You now have 0/9 mp.
The foxfire hits the ogre. x3
You hit the ogre.
The foxfire hits the ogre.
The ogre barely misses you.
You hit the ogre. The ogre hits you with a +0 giant club.
You take 5 damage, and have 31/36 hp.
You completely miss the ogre. You squeeze the ogre, but do no damage.
You hit the ogre. The ogre closely misses you.
You hit the ogre. The ogre hits you with a +0 giant club!
You take 9 damage, and have 22/36 hp.
MASSIVE DAMAGE!!
You hit the ogre.
You tentacle-slap the ogre, but do no damage.
You hit the ogre. The ogre hits you with a +0 giant club!
* * * LOW HITPOINT WARNING * * *
You take 17 damage, and have 5/36 hp.
MASSIVE DAMAGE!!
You barely miss the ogre.
The ogre hits you with a +0 giant club!!
Ouch! That really hurt!
You die...

###.#.#
#.....#....§....
#.#....?.......#
#$...........#
#....).......
#........... #
#........§.#.#
#.......O#.#.####.
#........@........
########.#...###
#.####..≈ #.#<.# :
#....# ######


You could see an ogre.

Vanquished Creatures
  A hound (D:4)
  An orc wizard (D:3)
  3 gnolls (D:3)
  5 adders
  3 worms
  A dart slug (D:2)
  10 orcs (D:3)
  3 ball pythons
  7 endoplasms
  A giant cockroach (D:2)
  9 goblins
  8 hobgoblins
  3 jackals (D:2)
  4 quokkas
  A bat (D:2)
  7 frilled lizards
  5 kobolds
  3 rats
75 creatures vanquished.

Vanquished Creatures (others)
  208 foxfires
208 creatures vanquished.

Grand Total: 283 creatures vanquished

Notes
Turn   | Place    | Note
-------+----------+-------------------------------------------
     0 | D:1      | sokol815 the Octopode Fire Elementalist began the quest for
                  | the Orb.
     0 | D:1      | Reached XP level 1. HP: 11/11 MP: 3/3
   395 | D:1      | Reached skill level 2 in Conjurations
   395 | D:1      | Reached XP level 2. HP: 17/17 MP: 1/5
   528 | D:1      | Found a faded altar of an unknown god.
  1147 | D:2      | Reached skill level 3 in Conjurations
  1147 | D:2      | Reached XP level 3. HP: 21/21 MP: 2/6
  1743 | D:2      | Reached XP level 4. HP: 27/27 MP: 7/7
  2289 | D:3      | HP: 6/27 [poisoned by an adder]
  2293 | D:2      | HP: 2/27 [poisoned by an adder]
  2646 | D:3      | Found Reer Vos's Antique Armour Emporium.
  2897 | D:3      | Found Bopik's Jewellery Shoppe.
  2938 | D:3      | Found Baucueh's Weapon Shoppe.
  2952 | D:3      | Reached XP level 5. HP: 31/31 MP: 3/8
  3000 | D:3      | Found Kamparol's Magic Scroll Emporium.
  3213 | D:3      | Reached skill level 4 in Conjurations
  3213 | D:3      | Reached skill level 4 in Fire Magic
  3420 | D:3      | Found Zazocvep's Weapon Emporium.
  3772 | D:4      | Noticed an ogre
  3862 | D:4      | Reached XP level 6. HP: 34/36 MP: 5/9
  3876 | D:4      | HP: 5/36 [ogre/+0 giant club (17)]
  3877 | D:4      | Demolished by an ogre

Illustrated notes

Levels and vault maps discovered:
D:1:      dpeg_arrival_connections, layout_basic, ebering_ecumenical_altar_webs,
          chequers_serial_rivers_micro_e, st_stairs_4
D:2:      layout_basic, minmay_pentomino_p2
D:3:      layout_basic, serial_shops, nicolae_shop_stone, nicolae_shop_trees,
          nicolae_shop_bloodbath_and_beyond, shop, nicolae_shop_behind_doors
D:4:      layout_basic, nemelex_dance_club_becter, mainiacjoe_overflow_paths,
          st_stairs_4, uniq_duvessa

Skill      XL: |  1  2  3  4  5 |
---------------+----------------+-----
Conjurations   | 2 3 4 |  4.5
Fire Magic     | 4 |  4.5
Dodging        | |  2.0
Stealth        | |  2.6
Spellcasting   | |  2.0

Action                   |  1- 3 |  4- 6 || total
-------------------------+-------+-------++-------
Melee: Dagger            |    22 |    42 ||    64
       Unarmed           |     3 |       ||     3
       Tentacles         |     5 |     9 ||    14
       Constrict         |     5 |    10 ||    15
       Punch             |     1 |     2 ||     3
 Cast: Foxfire           |    55 |    71 ||   126
  Use: Scroll            |       |     9 ||     9
 Stab: Sleeping          |     3 |     2 ||     5
       Distracted        |       |     1 ||     1
Armor: Skin              |     1 |     2 ||     3
Dodge: Dodged            |     7 |    30 ||    37

Table legend: (Time is in decaauts)
 A = Elapsed time spent in this place.
 B = Non-inter-level travel time spent in this place.
 C = Inter-level travel time spent in this place.
 D = Time resting spent in this place.
 E = Time spent auto-exploring this place.
 F = Levels seen in this place.
 G = Mean time per level.
                   A        B        C        D        E       F      G
               +--------+--------+--------+--------+--------+-----+--------+
         Total |   3877 |   3777 |    100 |    803 |   2514 |   4 |  969.2 |
       Dungeon |   3877 |   3777 |    100 |    803 |   2514 |   4 |  969.2 |
               +--------+--------+--------+--------+--------+-----+--------+

Top non-repeatable levels by time:
     D:3: 1449 daAuts
     D:2: 1204 daAuts
     D:1: 1180 daAuts
     D:4: 43 daAuts

Table legend:
 A = Kills in this place as a percentage of kills in entire the game.
 B = Kills by you in this place as a percentage of kills by you in the entire game.
 C = Kills by friends in this place as a percentage of kills by friends in the entire game.
 D = Other kills in this place as a percentage of other kills in the entire game.
 E = Experience gained in this place as a percentage of experience gained in the entire game.
 F = Experience gained in this place divided by the number of levels of this place that you have seen.
                   A       B       C       D       E      F
               +-------+-------+-------+-------+-------+----------------------
         Total | 100.0 | 100.0 |   N/A |   N/A | 100.0 |  80.8
       Dungeon | 100.0 | 100.0 |   N/A |   N/A | 100.0 |  80.8
               +-------+-------+-------+-------+-------+----------------------
